 Dungeon Sprint DCSS version 0.20.1-1-g8b1a95d (webtiles) character file.

427 letownia2 the Grappler (level 6, -1/48 HPs)
             Began as a Vine Stalker Fighter on Jan 2, 2018.
             Was an Initiate of Gozag.
             Slain by Sonja
             ... wielding a +0 short sword of distortion
              (13 damage)
             ... in the Dungeon (Sprint I: "Red Sonja").
             The game lasted 00:01:46 (353 turns).

letownia2 the Grappler (Vine Stalker Fighter)        Turns: 353, Time: 00:01:47

Health: -1/48      AC:  6    Str: 24    XL:     6   Next: 97%
Magic:  0/7        EV:  7    Int: 10    God:    Gozag
Gold:   297        SH:  9    Dex: 13    Spells: 5/5 levels left

rFire    . . .     SeeInvis .     - Unarmed
rCold    . . .     Gourm    .   b - +0 shield
rNeg     . . .     Faith    .   a - +0 scale mail
rPois    .         Spirit   +   (no helmet)
rElec    .         Reflect  .   (no cloak)
rCorr    .         Harm     .   (no gloves)
MR       .....     NoTele   +   (no boots)
Stlth    ..........             (no amulet)
Regen    0.6/turn               (no ring)
MPRegen  0.1/turn               (no ring)

@: berserking (expiring), lethally poisoned (-1 -> -2), slowed
A: fangs 2, regeneration 1, magic shield, antimagic bite, no potion heal 3, rot
immunity
a: Potion Petition, Call Merchant, Bribe Branch, Renounce Religion


You were in the Dungeon.
You worshipped Gozag.
Gozag was aware of your devotion.
You were not hungry.

You visited 1 branch You collected 297 gold pieces.

Inventory:

Armour
 a - a +0 scale mail (worn)
 b - a +0 shield (worn)
 l - a +0 ring mail
 m - the +2 leather armour of Lilacs {rC+, unknown}
   (You found it in the Dungeon)

   It protects you from cold.
Scrolls
 j - a scroll of blinking
 n - a scroll of immolation {unknown}
Potions
 c - a potion of might
 e - a potion of curing
 f - a potion of heal wounds
 g - a potion of haste
 h - 2 potions of magic
Comestibles
 d - a bread ration
 k - 7 chunks of flesh


   Skills:
 - Level 2.6 Fighting
 - Level 2.4 Armour
 - Level 2.6 Shields
 + Level 13.9 Unarmed Combat


You had 5 spell levels left.
You didn't know any spells.

Dungeon Overview and Level Annotations

Branches:
Dungeon (1/1)

Altars:
Cheibriados
Dithmenos
Elyvilon
Fedhas
Gozag
Hepliaklqana
Kikubaaqudgha
Nemelex Xobeh
Okawaru
Qazlal
Ru
Sif Muna
Trog
Uskayaw
Vehumet
Yredelemnul
Zin
The Shining One

Shops:
D =

Annotations:
D Sonja


Innate Abilities, Weirdness & Mutations

You have extremely sharp teeth.
Your natural rate of healing is unusually fast.
When hurt, damage is shared between your health and your magic reserves.
Your bite disrupts and absorbs the magic of your enemies.
Potions cannot restore your health.
You are immune to rotting.


Message History

You completely miss Sonja.
You feel sick.
Sonja hits you with an uncursed short sword of distortion.
You feel a strange sense of stasis. Sonja hits you but does no damage.
Sonja closely misses you.
You pummel Sonja!!
Sonja is almost dead.
Sonja gestures wildly while chanting.
Sonja looks slightly unstable.
You miss Sonja. Your bite misses Sonja.
Sonja is almost dead.
You feel sick.
Sonja hits you with an uncursed short sword of distortion.
Space bends around you.
Sonja hits you with an uncursed short sword of distortion.
You feel a strange sense of stasis.
Sonja hits you with an uncursed short sword of distortion.
* * * LOW HITPOINT WARNING * * *
Space warps horribly around you!
You die...
Your body crumbles into a pile of gold.

################
#<.#..').#..'..#
$$ $
#..)..#..').#..+
$$
#..#####'#####'#
#..####..#...#.#
$
#..#__####..##.#
$$
#..#_____##K#..+
#⌠⌠#_.∩...'@.._#
$$
####_..__##_(#+#
$$#_____###'#$ $
$ ####### #.# $
$ $.$ $$ $$ $.$#
$ ##.## $#+#$ $
$ $ $


You could see Sonja.

Vanquished Creatures
  Sigmund (D)
  A yak (D)
  An ogre (D)
  A jelly (D)
  Ijyb (D)
5 creatures vanquished.

Vanquished Creatures (others)
  A gargoyle (D)
1 creature vanquished.

Grand Total: 6 creatures vanquished

Notes
Turn   | Place    | Note
-------+----------+-------------------------------------------
     0 | D        | letownia2 the Vine Stalker Fighter began the quest for the Orb.
     0 | D        | Reached XP level 1. HP: 11/11 MP: 2/2
     1 | D        | Noticed Ijyb
    28 | D        | Killed Ijyb
    28 | D        | Reached skill level 6 in Unarmed Combat
    28 | D        | Reached XP level 2. HP: 8/16 MP: 3/3
    28 | D        | Reached XP level 3. HP: 10/19 MP: 4/4
   177 | D        | Noticed an ogre
   186 | D        | Killed an ogre
   186 | D        | Reached skill level 9 in Unarmed Combat
   186 | D        | Gained mutation: Your natural rate of healing is unusually fast. [Vine Stalker growth]
   186 | D        | Reached XP level 4. HP: 6/23 MP: 1/5
   229 | D        | Noticed Sigmund
   244 | D        | Killed Sigmund
   244 | D        | Reached skill level 12 in Unarmed Combat
   244 | D        | Reached XP level 5. HP: 20/27 MP: 6/6
   244 | D        | Reached XP level 6. HP: 24/32 MP: 7/7
   270 | D        | Found a deep blue altar of Sif Muna.
   272 | D        | Found a radiant altar of Vehumet.
   273 | D        | Got a faintly humming leather armour
   299 | D        | Found Koewenei's Jewellery Emporium.
   299 | D        | Found an ancient bone altar of Kikubaaqudgha.
   299 | D        | Found a hazy altar of Hepliaklqana.
   299 | D        | Found a hide-covered altar of Uskayaw.
   299 | D        | Found a basalt altar of Yredelemnul.
   299 | D        | Found an opulent altar of Gozag.
   299 | D        | Found a snail-covered altar of Cheibriados.
   299 | D        | Found a sacrificial altar of Ru.
   299 | D        | Found a shadowy altar of Dithmenos.
   299 | D        | Noticed a yak
   304 | D        | Killed a yak
   304 | D        | Reached skill level 13 in Unarmed Combat
   305 | D        | Found a stormy altar of Qazlal.
   305 | D        | Found a blossoming altar of Fedhas.
   305 | D        | Found a bloodstained altar of Trog.
   305 | D        | Found an iron altar of Okawaru.
   305 | D        | Found a glowing golden altar of the Shining One.
   305 | D        | Found a glowing silver altar of Zin.
   305 | D        | Found a white marble altar of Elyvilon.
   308 | D        | Found a sparkling altar of Nemelex Xobeh.
   330 | D        | Killed a gargoyle
   340 | D        | Became a worshipper of Gozag Ym Sagoz the Greedy
   346 | D        | Noticed Sonja
   353 | D        | Slain by Sonja

Skill      XL: |  1  2  3  4  5  6 |
---------------+-------------------+-----
Unarmed Combat | 6 9 12 13 | 13.9
Fighting       | |  2.6
Armour         | |  2.4
Shields        | |  2.6

Action                   |  1- 3 |  4- 6 || total
-------------------------+-------+-------++-------
Melee: Unarmed           |    35 |    27 ||    62
       Bite              |    10 |     7 ||    17
  Use: Potion            |       |     1 ||     1
Armor: Scale mail        |     9 |     5 ||    14
Dodge: Dodged            |     2 |     3 ||     5
Block: Shield            |    13 |     8 ||    21
